APP
HELENA BREWERS @ SAN DIEGO (APP) PADRES
08/09/2049
 
TOP OF THE 1ST
Helena Brewers batting - Pitching for San Diego (APP) Padres : LHP Bill Hussey
Pitching: LHP Bill Hussey
Batting: LHB Andy Buschlen 0-0: Called Strike
0-1: Foul Ball, location: 2F
0-2: Ball
1-2: Foul Ball, location: 2F
1-2: Foul Ball, location: 2F
1-2: Strikes out swinging
Batting: RHB Manny Olave 0-0: Swinging Strike
0-1: Ball
1-1: Ball
2-1: Ball
3-1: Foul Ball, location: 2F
3-2: Foul Ball, location: 2F
3-2: SINGLE (Groundball, 5D, EV 104.4 MPH)
Batting: LHB Tony Hasbun 0-0: Called Strike
0-1: Fielders Choice at 2nd, 6-4 (Groundball, 6, EV 89.4 MPH)
Batting: RHB Austin Doig 0-0: Foul Ball, location: 2F
0-1: Fielders Choice at 2nd, 6-4 (Groundball, 6, EV 83.1 MPH)
Top of the 1st over - 0 runs, 1 hit, 0 errors, 1 left on base; Helena 0 - San Diego (APP) 0
BOTTOM OF THE 1ST
San Diego (APP) Padres batting - Pitching for Helena Brewers : LHP Hiroshi Matsuda
Pitching: LHP Hiroshi Matsuda
Batting: RHB Alex Collazo 0-0: SOLO HOME RUN (Flyball, 8LXD, EV 116.2 MPH), Distance : 458 ft
Batting: RHB Eric McMillian 0-0: Called Strike
0-1: Ground out 6-3 (Groundball, 6, EV 88.1 MPH)
Batting: RHB Brian Klinkner 0-0: SOLO HOME RUN (Flyball, 7D, EV 101.2 MPH), Distance : 370 ft
Batting: RHB Norinaga Yamakawakamatsu 0-0: Swinging Strike
0-1: Foul Ball, location: 2F
0-2: Ball
1-2: Ball
2-2: Strikes out swinging
Batting: RHB Adrian Cook 0-0: Foul Ball, location: 2F
0-1: Fly out, F8 (Flyball, 8LXD, EV 91.9 MPH)
Bottom of the 1st over - 2 runs, 2 hits, 0 errors, 0 left on base; Helena 0 - San Diego (APP) 2
TOP OF THE 2ND
Helena Brewers batting - Pitching for San Diego (APP) Padres : LHP Bill Hussey
Batting: LHB Jesus Huante 0-0: Ball
1-0: Called Strike
1-1: Swinging Strike
1-2: Ball
2-2: Hit by Pitch
Batting: RHB Frank Pena 0-0: Called Strike
0-1: Called Strike
0-2: Ball
1-2: Grounds into double play, 5-4-3 (Groundball, 56, EV 101.2 MPH)
Batting: LHB Jose Simental 0-0: Ball
1-0: Ball
2-0: Called Strike
2-1: Foul Ball, location: 2F
2-2: Ball
3-2: Fly out, F9 (Flyball, 9, EV 91.2 MPH)
Top of the 2nd over - 0 runs, 0 hits, 0 errors, 0 left on base; Helena 0 - San Diego (APP) 2
BOTTOM OF THE 2ND
San Diego (APP) Padres batting - Pitching for Helena Brewers : LHP Hiroshi Matsuda
Batting: RHB Max Stillo 0-0: Called Strike
0-1: Ball
1-1: Called Strike
1-2: Foul Ball, location: 2F
1-2: Ground out 4-3 (Groundball, 34, EV 99.4 MPH)
Batting: RHB Gabriel Diaz 0-0: Called Strike
0-1: Ball
1-1: Ball
2-1: Foul Ball, location: 2F
2-2: Ball
3-2: Base on Balls
Batting: RHB Brian DeVoe 0-0: Ball
1-0: Ball
2-0: Ball
3-0: Called Strike
3-1: Fielders Choice at 2nd, U6 (Groundball, 4M, EV 96.9 MPH)
Batting: RHB Rod Johnson 0-0: Ball
1-0: Ball
2-0: Ball
3-0: Swinging Strike
3-1: Called Strike
3-2: Base on Balls
Brian DeVoe to second
Batting: RHB Alex Collazo 0-0: Called Strike
0-1: Foul Ball, location: 2F
0-2: Ball
1-2: Foul Ball, location: 2F
1-2: Foul Ball, location: 2F
1-2: Ball
2-2: Strikes out swinging
Bottom of the 2nd over - 0 runs, 0 hits, 0 errors, 2 left on base; Helena 0 - San Diego (APP) 2
TOP OF THE 3RD
Helena Brewers batting - Pitching for San Diego (APP) Padres : LHP Bill Hussey
Batting: RHB Mohammed bin Ubaida 0-0: Ground out 6-3 (Groundball, 6, EV 88.8 MPH)
Batting: RHB Gil Sanchez 0-0: Ball
1-0: Ball
2-0: Ball
3-0: Base on Balls
Batting: LHB Andy Buschlen 0-0: Ball
1-0: Ball
2-0: Ball
3-0: Called Strike
3-1: Base on Balls
Gil Sanchez to second
Batting: RHB Manny Olave 0-0: Called Strike
0-1: Foul Ball, location: 2F
0-2: Foul Ball, location: 2F
0-2: Ball
1-2: Foul Ball, location: 2F
1-2: Fly out, F8 (Flyball, 8RD, EV 100.6 MPH)
Batting: LHB Tony Hasbun 0-0: Called Strike
0-1: Foul Ball, location: 2F
0-2: Ball
1-2: Ball
2-2: Ball
3-2: SINGLE (Flyball, 3D, EV 89.4 MPH)
Gil Sanchez to third
Andy Buschlen to second
Gil Sanchez scores
Andy Buschlen to third
Batting: RHB Austin Doig 0-0: Swinging Strike
0-1: Ball
1-1: Foul Ball, location: 2F
1-2: SINGLE (Groundball, 6MD, EV 80.6 MPH) (infield hit)
Andy Buschlen scores
Tony Hasbun to second
Batting: LHB Jesus Huante 0-0: Ball
1-0: Called Strike
1-1: Ball
2-1: Fly out, F6 (Popup, P, EV 79.4 MPH)
Top of the 3rd over - 2 runs, 2 hits, 0 errors, 2 left on base; Helena 2 - San Diego (APP) 2
BOTTOM OF THE 3RD
San Diego (APP) Padres batting - Pitching for Helena Brewers : LHP Hiroshi Matsuda
Batting: RHB Eric McMillian 0-0: Called Strike
0-1: Ground out 4-3 (Groundball, 4, EV 90.0 MPH)
Batting: RHB Brian Klinkner 0-0: Ball
1-0: Ball
2-0: Called Strike
2-1: SOLO HOME RUN (Flyball, 7D, EV 96.2 MPH), Distance : 381 ft
Batting: RHB Norinaga Yamakawakamatsu 0-0: DOUBLE (Line Drive, 9LM, EV 104.4 MPH)
Batting: RHB Adrian Cook 0-0: Ball
1-0: Swinging Strike
1-1: Ball
2-1: 2-RUN HOME RUN (Flyball, 9D, EV 99.4 MPH), Distance : 381 ft
Batting: RHB Max Stillo 0-0: Called Strike
0-1: Ball
1-1: Swinging Strike
1-2: Foul Ball, location: 2F
1-2: Ball
2-2: Hit by Pitch
Pitching: RHP Pedro Campos
Batting: RHB Gabriel Diaz 0-0: Ball
1-0: Fly out, F8 (Line Drive, 8RM, EV 97.5 MPH)
Batting: RHB Brian DeVoe 0-0: Swinging Strike
0-1: Ball
1-1: Ball
2-1: Ball
3-1: Fielders Choice at 2nd, 6-4 (Groundball, 6, EV 98.8 MPH)
Bottom of the 3rd over - 3 runs, 3 hits, 0 errors, 1 left on base; Helena 2 - San Diego (APP) 5
TOP OF THE 4TH
Helena Brewers batting - Pitching for San Diego (APP) Padres : LHP Bill Hussey
Batting: RHB Frank Pena 0-0: Fly out, F8 (Flyball, 8LXD, EV 100.6 MPH)
Batting: LHB Jose Simental 0-0: Ball
1-0: Ball
2-0: Called Strike
2-1: Called Strike
2-2: Strikes out swinging
Batting: RHB Mohammed bin Ubaida 0-0: Called Strike
0-1: Ground out 5-3 (Groundball, 56, EV 83.8 MPH)
Top of the 4th over - 0 runs, 0 hits, 0 errors, 0 left on base; Helena 2 - San Diego (APP) 5
BOTTOM OF THE 4TH
San Diego (APP) Padres batting - Pitching for Helena Brewers : RHP Pedro Campos
Pitching: RHP Angel Pacheco
Batting: RHB Rod Johnson 0-0: Ball
1-0: Fly out, F9 (Line Drive, 89M, EV 87.5 MPH)
Batting: RHB Alex Collazo 0-0: Called Strike
0-1: Ball
1-1: Ball
2-1: Ball
3-1: Foul Ball, location: 2F
3-2: Foul Ball, location: 2F
3-2: Strikes out looking
Batting: RHB Eric McMillian 0-0: Called Strike
0-1: Ball
1-1: Called Strike
1-2: Foul Ball, location: 2F
1-2: Ball
2-2: SINGLE (Line Drive, 89S, EV 104.4 MPH)
Batting: RHB Brian Klinkner 0-0: Fly out, F5 (Line Drive, 56, EV 69.4 MPH)
Bottom of the 4th over - 0 runs, 1 hit, 0 errors, 1 left on base; Helena 2 - San Diego (APP) 5
TOP OF THE 5TH
Helena Brewers batting - Pitching for San Diego (APP) Padres : LHP Bill Hussey
Batting: RHB Gil Sanchez 0-0: Called Strike
0-1: Ball
1-1: Ball
2-1: Foul Ball, location: 2F
2-2: Strikes out looking
Batting: LHB Andy Buschlen 0-0: Ball
1-0: Ball
2-0: Swinging Strike
2-1: Ball
3-1: Foul Ball, location: 2F
3-2: Foul Ball, location: 2F
3-2: Foul Ball, location: 2F
3-2: Foul Ball, location: 2F
3-2: Strikes out swinging
Batting: RHB Manny Olave 0-0: Ground out 3-1 (Groundball, 34S, EV 93.1 MPH)
Top of the 5th over - 0 runs, 0 hits, 0 errors, 0 left on base; Helena 2 - San Diego (APP) 5
BOTTOM OF THE 5TH
San Diego (APP) Padres batting - Pitching for Helena Brewers : RHP Angel Pacheco
Batting: RHB Norinaga Yamakawakamatsu 0-0: Ball
1-0: Called Strike
1-1: Foul Ball, location: 2F
1-2: Ball
2-2: Foul Ball, location: 2F
2-2: Ground out 3-1 (Groundball, 34, EV 78.1 MPH)
Batting: RHB Adrian Cook 0-0: Called Strike
0-1: Ball
1-1: Called Strike
1-2: Strikes out swinging
Batting: RHB Max Stillo 0-0: Ball
1-0: Foul Ball, location: 2F
1-1: Ball
2-1: Foul Ball, location: 2F
2-2: Strikes out swinging
Bottom of the 5th over - 0 runs, 0 hits, 0 errors, 0 left on base; Helena 2 - San Diego (APP) 5
TOP OF THE 6TH
Helena Brewers batting - Pitching for San Diego (APP) Padres : LHP Bill Hussey
Pitching: RHP Danny Valdovinos
Batting: LHB Tony Hasbun 0-0: Called Strike
0-1: Ball
1-1: Swinging Strike
1-2: Ball
2-2: Reaches on Catchers interference
Batting: RHB Austin Doig Pickoff Throw to First - Out! 1-3
0-0: Called Strike
0-1: Ball
1-1: Reached on error, E4 (Groundball, 4M, EV 82.5 MPH)
Batting: LHB Jesus Huante 0-0: Foul Ball, location: 2F
0-1: Foul Ball, location: 2F
0-2: SINGLE (Line Drive, 7LS, EV 89.4 MPH)
Austin Doig to second
Batting: RHB Frank Pena 0-0: Foul Ball, location: 2F
0-1: Called Strike
0-2: Ball
1-2: Ball
2-2: SINGLE (Groundball, 56D, EV 98.1 MPH)
Austin Doig to third
Jesus Huante to second
Pitching: RHP Danny Araiza
Batting: LHB Jose Simental 0-0: Ball
1-0: Swinging Strike
1-1: Swinging Strike
1-2: Ball
2-2: Strikes out swinging
Batting: RHB Mohammed bin Ubaida 0-0: Ball
Wild Pitch!
Austin Doig scores
Jesus Huante to third
Frank Pena to second
1-0: Fly out, F7 (Flyball, 7D, EV 73.1 MPH)
Top of the 6th over - 1 run, 2 hits, 2 errors, 2 left on base; Helena 3 - San Diego (APP) 5
BOTTOM OF THE 6TH
San Diego (APP) Padres batting - Pitching for Helena Brewers : RHP Angel Pacheco
Batting: RHB Gabriel Diaz 0-0: Ball
1-0: Foul Ball, location: 2F
1-1: Foul Ball, location: 2F
1-2: Foul Ball, location: 2F
1-2: Strikes out looking
Batting: RHB Brian DeVoe 0-0: Called Strike
0-1: Ball
1-1: Fly out, F5 (Line Drive, 5, EV 75.6 MPH)
Batting: RHB Rod Johnson 0-0: Called Strike
0-1: Called Strike
0-2: Foul Ball, location: 2F
0-2: Foul Ball, location: 2F
0-2: Strikes out swinging
Bottom of the 6th over - 0 runs, 0 hits, 0 errors, 0 left on base; Helena 3 - San Diego (APP) 5
TOP OF THE 7TH
Helena Brewers batting - Pitching for San Diego (APP) Padres : RHP Danny Araiza
Batting: RHB Gil Sanchez 0-0: Called Strike
0-1: Ball
1-1: Fly out, F7 (Line Drive, 7, EV 85.6 MPH)
Batting: LHB Andy Buschlen 0-0: Ball
1-0: Ball
2-0: Ball
3-0: Base on Balls
Batting: RHB Manny Olave 0-0: Ball
1-0: Ball
2-0: Called Strike
2-1: Fielders Choice at 2nd, 6-4 (Groundball, 6, EV 87.5 MPH)
Pitching: LHP Jay Bowen
Batting: LHB Tony Hasbun 0-0: Ball
1-0: Ball
2-0: Fly out, F8 (Line Drive, 8LM, EV 91.2 MPH)
Top of the 7th over - 0 runs, 0 hits, 0 errors, 1 left on base; Helena 3 - San Diego (APP) 5
BOTTOM OF THE 7TH
San Diego (APP) Padres batting - Pitching for Helena Brewers : RHP Angel Pacheco
Batting: RHB Alex Collazo 0-0: Called Strike
0-1: Ball
1-1: Ground out 3-1 (Groundball, 34S, EV 86.2 MPH)
Batting: RHB Eric McMillian 0-0: Ball
1-0: Ball
2-0: Ball
3-0: Called Strike
3-1: SINGLE (Line Drive, 78M, EV 107.5 MPH)
Pitching: RHP Mario Ayala
Batting: RHB Brian Klinkner 0-0: Swinging Strike
0-1: Foul Ball, location: 2F
0-2: Strikes out looking
Batting: RHB Norinaga Yamakawakamatsu 0-0: Ball
1-0: Ground out 5-3 (Groundball, 56S, EV 71.9 MPH)
Bottom of the 7th over - 0 runs, 1 hit, 0 errors, 1 left on base; Helena 3 - San Diego (APP) 5
TOP OF THE 8TH
Helena Brewers batting - Pitching for San Diego (APP) Padres : LHP Jay Bowen
Pitching: RHP Dave Waterman
Batting: RHB Austin Doig 0-0: Called Strike
0-1: Foul Ball, location: 2F
0-2: Ball
1-2: Ball
2-2: Ball
3-2: Strikes out looking
Batting: LHB Jesus Huante 0-0: Called Strike
0-1: Ball
1-1: Foul Ball, location: 2F
1-2: Strikes out looking
Batting: RHB Frank Pena 0-0: Swinging Strike
0-1: Ball
1-1: Ball
2-1: Called Strike
2-2: Foul Ball, location: 2F
2-2: Ball
3-2: Strikes out swinging
Top of the 8th over - 0 runs, 0 hits, 0 errors, 0 left on base; Helena 3 - San Diego (APP) 5
BOTTOM OF THE 8TH
San Diego (APP) Padres batting - Pitching for Helena Brewers : RHP Mario Ayala
Batting: RHB Adrian Cook 0-0: Ball
1-0: Ball
2-0: Ball
3-0: Base on Balls
Batting: RHB Max Stillo 0-0: Ball
1-0: Foul Ball, location: 2F
1-1: Ball
2-1: Ball
3-1: Called Strike
3-2: Foul Ball, location: 2F
3-2: SINGLE (Groundball, 4D, EV 104.4 MPH)
Adrian Cook to second
Adrian Cook to third
Batting: RHB Gabriel Diaz 0-0: Fly out, F7 (Flyball, 7LS, EV 80.0 MPH)
Batting: RHB Brian DeVoe 0-0: Called Strike
0-1: Ball
1-1: Swinging Strike
1-2: Ball
2-2: Ball
3-2: Grounds into double play, 6-4-3 (Groundball, 6, EV 84.4 MPH)
Bottom of the 8th over - 0 runs, 1 hit, 0 errors, 1 left on base; Helena 3 - San Diego (APP) 5
TOP OF THE 9TH
Helena Brewers batting - Pitching for San Diego (APP) Padres : RHP Dave Waterman
Now at 1B: Ricardo Ortiz
Now at 2B: Max Stillo
Now at 3B: Ed Oake
Now in LF: Gary Corrales
Batting: LHB Jose Simental 0-0: Ball
1-0: Ball
2-0: Fly out, F8 (Flyball, 78S, EV 85.6 MPH)
Pinch Hitting: LHB Chien Sam 0-0: Ball
1-0: Ball
2-0: SINGLE (Groundball, 4, EV 103.1 MPH)
Batting: LHB Alex Chairez 0-0: Called Strike
0-1: Foul Ball, location: 2F
0-2: Foul Ball, location: 2F
0-2: Ball
1-2: Ball
2-2: Foul Ball, location: 2F
2-2: Fielders Choice at 2nd, 4-6 (Groundball, 4, EV 87.5 MPH)
Pitching: RHP Tim Devine
Batting: LHB Andy Buschlen 0-0: Called Strike
0-1: Swinging Strike
0-2: Foul Ball, location: 2F
0-2: Strikes out swinging
Top of the 9th over - 0 runs, 1 hit, 0 errors, 1 left on base; Helena 3 - San Diego (APP) 5
Sunday, July 16th , 2023 - OOTP Baseball 24.6 Build 69